AoeStats
← Tchitchi d'Afflelou

African Clearing

506114207Analyzed
4v4 RM · 21d ago on Sep 12, 2026· 63m 25s· 8 players
Game mode
Random Map
Map size
Large (8 player)
Population
200
Speed
Normal
Resources
Standard
Victory
Conquest
Starting age
Dark Age
Ending age
Imperial Age
RankedLock teamsTeams togetherTeam positionsShared explorationLock speedFull tech treeHidden civsTurbo modeCheats
Victory
Defeat
🇨🇳 Mongols · China
1424
+14
🇧🇷 Bulgarians · Brazil
1406
+15
🇨🇳 Berbers · China
1364
+16
🇭🇰 Mongols · Hong Kong SAR China
1337
+17
🇹🇷 Mongols · Türkiye
1448
-19
🇹🇼 Burmese · Taiwan
1357
-15
🇩🇰 Wu · Denmark
1345
-14
🇫🇷 Vietnamese · France
1343
-14
逆·风
5:29 Loom
12:31 Feudal Age
13:29 Double-Bit Axe
13:51 Town Watch
14:24 Fletching
19:52 Wheelbarrow
19:53 Horse Collar
20:05 Stone Mining
33:01 Castle Age
33:11 Scale Mail Armor
33:21 Forging
34:23 Bodkin Arrow
37:06 Chain Mail Armor
37:44 Iron Casting
43:56 Gold Mining
44:44 Scale Barding Armor
45:29 Chain Barding Armor
48:32 Imperial Age
46:20 Hand Cart
46:33 Stirrups
46:59 Bloodlines
46:50 Husbandry
46:11 Light Cavalry
48:30 Gold Shaft Mining
49:34 Conscription
48:38 Hussar
49:59 Plate Barding Armor
50:25 Blast Furnace
49:33 Capped Ram
52:08 Squires
51:53 Gambesons
52:10 Bracer
52:40 Siege Engineers
52:46 Masonry
53:54 Plate Mail Armor
53:25 Padded Archer Armor
54:01 Siege Ram
55:03 Bow Saw
54:54 Heavy Plow
55:14 Bagains
56:13 Leather Archer Armor
55:20 Pikeman
55:46 Arson
56:35 Architecture
56:27 Ballistics
56:03 Murder Holes
56:28 Halberdier
62:14 Crop Rotation
ocheda
6:34 Loom
15:24 Feudal Age
16:05 Double-Bit Axe
19:01 Castle Age
20:43 Bow Saw
22:18 Horse Collar
30:42 Fletching
31:11 Bodkin Arrow
31:58 Wheelbarrow
32:13 Ballistics
32:55 Hand Cart
32:51 Scale Barding Armor
36:33 Imperial Age
34:46 Town Watch
36:07 Town Patrol
37:12 Chain Barding Armor
38:20 Chemistry
37:22 Bracer
37:35 Bloodlines
大手
4:37 Loom
13:33 Feudal Age
15:17 Double-Bit Axe
18:02 Castle Age
15:50 Horse Collar
19:29 Bow Saw
20:09 Heavy Plow
20:45 Wheelbarrow
19:59 Town Watch
25:49 Gold Mining
31:33 Imperial Age
29:04 Stone Mining
29:39 Fletching
29:50 Padded Archer Armor
30:29 Ballistics
30:32 Hand Cart
30:57 Bloodlines
30:57 Thumb Ring
31:33 Husbandry
31:57 Leather Archer Armor
31:56 Bodkin Arrow
32:38 Bracer
33:55 Chemistry
33:45 Elite Mangudai
35:16 Gold Shaft Mining
36:23 Parthian Tactics
35:32 Light Cavalry
36:23 Scale Barding Armor
36:29 Forging
36:55 Capped Ram
38:43 Masonry
39:47 Heavy Camel Rider
43:12 Chain Barding Armor
43:28 Iron Casting
43:24 Conscription
45:22 Blast Furnace
46:24 Drill
47:47 Caravan
48:21 Coinage
48:11 Siege Ram
52:17 Hussar
58:43 Banking
虎!虎!虎!
11:42 Loom
13:27 Feudal Age
15:00 Double-Bit Axe
17:59 Castle Age
17:00 Horse Collar
17:45 Fletching
19:36 Wheelbarrow
27:51 Scale Barding Armor
28:13 Husbandry
28:24 Bloodlines
29:17 Forging
29:49 Bow Saw
30:44 Chain Barding Armor
32:50 Iron Casting
33:08 Gold Mining
34:17 Light Cavalry
35:55 Gold Shaft Mining
35:37 Hand Cart
38:16 Heavy Plow
42:18 Imperial Age
40:02 Stone Mining
42:40 Stone Shaft Mining
43:23 Guilds
42:41 Heavy Camel Rider
44:17 Plate Barding Armor
45:56 Blast Furnace
45:19 Cavalier
54:52 Bodkin Arrow
56:08 Kasbah
56:38 Town Watch
56:58 Hussar
60:22 Ballistics
61:04 Chemistry
60:14 Masonry
62:21 Conscription
62:01 Maghrebi Camels
61:22 Elite Camel Archer
62:06 Padded Archer Armor
62:15 Bracer
Doctorbonus
6:16 Loom
13:16 Feudal Age
13:49 Double-Bit Axe
13:53 Town Watch
15:01 Wheelbarrow
20:12 Castle Age
18:43 Fletching
20:49 Padded Archer Armor
27:56 Bow Saw
30:39 Ballistics
30:06 Elite Skirmisher
31:16 Horse Collar
32:35 Bodkin Arrow
38:48 Pikeman
39:24 Treadmill Crane
42:37 Scale Mail Armor
43:33 Gold Mining
44:56 Squires
45:08 Forging
45:42 Gold Shaft Mining
46:10 Red Cliffs Tactics
46:26 Masonry
46:36 Heavy Plow
46:54 Leather Archer Armor
48:11 Hand Cart
51:48 Imperial Age
51:50 Chain Mail Armor
53:09 Iron Casting
53:01 Bracer
52:25 Elite Fire Archer
53:26 Conscription
54:38 Chemistry
54:31 Plate Mail Armor
53:23 Halberdier
58:20 Imperial Skirmisher
Tchitchi d'Afflelou
14:05 Feudal Age
14:55 Loom
18:02 Castle Age
16:15 Stone Mining
16:26 Double-Bit Axe
19:01 Bow Saw
19:04 Fishing Lines
20:25 Gillnets
27:37 Gold Mining
33:53 Imperial Age
34:37 Forging
34:53 Scale Barding Armor
34:56 Chatras
34:54 Elite Battle Elephant
35:35 Husbandry
35:46 Bloodlines
37:27 Two-Man Saw
41:46 Iron Casting
41:31 Chain Barding Armor
41:12 Elite Skirmisher
41:58 Thumb Ring
41:52 Horse Collar
43:50 Imperial Skirmisher
46:45 Fletching
46:57 Padded Archer Armor
47:23 Paper Money
tnan
11:53 Loom
11:58 Loom
13:44 Feudal Age
18:51 Castle Age
17:16 Horse Collar
18:00 Scale Barding Armor
20:34 Forging
20:43 Husbandry
20:53 Heavy Plow
29:25 Gold Mining
31:32 Wheelbarrow
33:09 Bloodlines
36:08 Imperial Age
35:02 Gold Shaft Mining
35:44 Chain Barding Armor
36:00 Iron Casting
35:31 Manipur Cavalry
36:10 Cavalier
37:14 Conscription
37:36 Crop Rotation
38:59 Blast Furnace
38:35 Plate Barding Armor
43:30 Howdah
43:59 Town Watch
44:29 Hand Cart
45:55 Stone Mining
48:22 Fletching
48:33 Padded Archer Armor
48:38 Light Cavalry
54:16 Elite Battle Elephant
56:22 Guilds
56:45 Coinage
60:51 Hussar
[GN]LAZURİ
7:20 Loom
13:17 Feudal Age
16:43 Fletching
18:08 Double-Bit Axe
26:38 Castle Age
44:27 Horse Collar
48:35 Imperial Age
49:03 Imperial Age
47:34 Wheelbarrow
47:13 Bow Saw
47:26 Town Watch
47:52 Bodkin Arrow
49:03 Hand Cart
49:54 Bracer
50:26 Padded Archer Armor
52:02 Leather Archer Armor
55:11 Heavy Plow
56:50 Thumb Ring
56:47 Gold Mining
58:30 Parthian Tactics
61:55 Heavy Cavalry Archer
63:36 Ballistics
64:17 Chemistry
Connection lost

Rejoining the realm…

Still unreachable

The connection could not be restored.

Session expired

The server has moved on; the page needs a fresh start.